 Dungeon Crawl Stone Soup version 0.24-a0-433-gbe6fa4f6cc (webtiles) character file.

Game seed: 14988627825154350440

359 theanonym the Stinger (level 6, -1/36 HPs)
             Began as an Octopode Venom Mage on June 14, 2019.
             Slain by an iguana (14 damage)
             ... on level 4 of the Dungeon.
             The game lasted 00:07:14 (3290 turns).

theanonym the Stinger (Octopode Venom Mage)         Turns: 3290, Time: 00:07:15

Health: -1/36      AC:  1    Str:  9    XL:     6   Next: 65%
Magic:  6/11       EV: 13    Int: 19    God:
Gold:   132        SH:  0    Dex: 13    Spells: 2/12 levels left

rFire    . . .     SeeInvis .   a - +3 dagger (venom)
rCold    + + .     Gourm    .   (no shield)
rNeg     . . .     Faith    .   (helmet restricted)
rPois    .         Spirit   .   (no amulet)
rElec    .         Reflect  .   f - +2 ring of strength
rCorr    .         Harm     .   d - ring of protection from cold
MR       .....                  q - ring of protection from cold
Stlth    +++.......             (no ring)
HPRegen  0.12/turn              (no ring)
MPRegen  0.12/turn              (no ring)
                                (no ring)
                                (no ring)

@: no status effects
A: almost no armour, stealthy swim, amphibious, 8 rings, constrict 8, camouflage
1, gelatinous body 1
a: no special abilities


Innate Abilities, Weirdness & Mutations

You cannot wear most types of armour.
You are very stealthy in the water. (Stealth+)
You are amphibious.
You can wear up to eight rings at the same time.
You can use your tentacles to constrict eight enemies at once.
Your skin changes colour to match your surroundings (Stealth+).
Your rubbery body absorbs attacks. (AC +1, EV +1)


   Skills:
 - Level 2.0 Dodging
 - Level 2.6 Stealth
 + Level 3.6 Spellcasting
 + Level 3.3 Conjurations
 + Level 2.8 Air Magic
 + Level 5.3 Poison Magic


You had 2 spell levels left.
You knew the following spells:

 Your Spells              Type           Power        Failure   Level  Hunger
a - Sting                 Conj/Pois      ###.         2%          1    None
b - Poisonous Vapours     Pois/Air       ###...       4%          2    ##.....
d - Mephitic Cloud        Conj/Pois/Air  ###.....     9%          3    ###....
p - Olgreb's Toxic Radia  Pois           ###.....     16%         4    ####...

Your spell library contained the following spells:

 Spells                   Type           Power        Failure   Level  Hunger
 Venom Bolt               Conj/Pois      ###.......   56%         5    ######.

Skill      XL: |  1  2  3  4  5  6 |
---------------+-------------------+-----
Poison Magic   | 4 5 |  5.3
Conjurations   | 2 3 |  3.3
Air Magic      | 1 2 |  2.8
Spellcasting   | 3 |  3.6
Dodging        | |  2.0
Stealth        | |  2.6

Action                   |  1- 3 |  4- 6 || total
-------------------------+-------+-------++-------
Melee: Unarmed           |    24 |       ||    24
       Constrict         |    11 |    31 ||    42
       Tentacles         |    10 |    21 ||    31
       Dagger            |    19 |   112 ||   131
 Cast: Sting             |    22 |     4 ||    26
       Poisonous Vapours |     5 |    42 ||    47
  Use: Scroll            |     2 |     4 ||     6
 Stab: Sleeping          |     3 |     3 ||     6
       Distracted        |       |     1 ||     1
  Eat: Chunk             |       |    10 ||    10
Armor: Skin              |     2 |     4 ||     6
Dodge: Dodged            |    23 |    63 ||    86

Inventory:

Hand Weapons
 a - a +3 dagger of venom (weapon)
Missiles
 b - 8 boomerangs (quivered)
Jewellery
 d - a ring of protection from cold (right tentacle)
 f - a +2 ring of strength (left tentacle)
 q - a ring of protection from cold (on tentacle)
Scrolls
 c - a scroll of amnesia {unknown}
 g - a scroll of immolation {unknown}
 l - a scroll of enchant weapon {unknown}
 m - a scroll of random uselessness {unknown}
 n - 3 scrolls of remove curse
 r - a scroll of identify
 s - a scroll of fear {unknown}
 u - a scroll of blinking {unknown}
Potions
 h - 4 potions of haste {unknown}
 i - a potion of flight
 j - a potion of agility
 k - a potion of lignification {unknown}
 o - 2 potions of might {unknown}
 p - a potion of mutation {unknown}
 w - 2 potions of curing
Comestibles
 e - 8 rations
 t - 9 chunks of flesh


You were on level 4 of the Dungeon.
You were not hungry.

You visited 1 branch of the dungeon, and saw 4 of its levels.

You collected 132 gold pieces.

Dungeon Overview and Level Annotations

Branches:
Dungeon (4/15)
 Temple: D:4-7

Altars:

# #.#### #..# ###
###(.... ##.. .....#
..#####.##..#####..#..##
..(...<.........?.......
......##.........#....#
......###.........[$.###
......##..#.............
.........##..........#
......#####.....@....# #
......# #......l...#....
......# #.............#
......# ####.###..##.##
......# #..# #<#.. #
#.##### #.## ..#.#.. #.#
#. .## # .# ..### .. ##
# .....


You could see an iguana.

Notes
Turn   | Place    | Note
-------+----------+-------------------------------------------
     0 | D:1      | theanonym the Octopode Venom Mage began the quest for the
                  | Orb.
     0 | D:1      | Reached XP level 1. HP: 11/11 MP: 3/3
   123 | D:1      | Reached XP level 2. HP: 17/17 MP: 1/5
   128 | D:1      | Learned a level 2 spell: Poisonous Vapours
   301 | D:1      | Reached skill level 4 in Poison Magic
   484 | D:1      | Reached XP level 3. HP: 21/21 MP: 2/6
   882 | D:2      | Noticed Natasha
   892 | D:2      | Killed Natasha
   892 | D:2      | Reached skill level 2 in Conjurations
   892 | D:2      | Reached skill level 1 in Air Magic
   892 | D:2      | Reached XP level 4. HP: 17/27 MP: 3/7
   959 | D:2      | Noticed Natasha
   965 | D:2      | Killed Natasha
   989 | D:2      | Noticed Natasha
   991 | D:2      | Killed Natasha
  1033 | D:2      | Reached XP level 5. HP: 28/31 MP: 2/9
  1147 | D:2      | Reached skill level 3 in Spellcasting
  1191 | D:2      | Learned a level 4 spell: Olgreb's Toxic Radiance
  1195 | D:2      | Learned a level 3 spell: Mephitic Cloud
  1210 | D:2      | Reached skill level 2 in Air Magic
  2675 | D:3      | Reached skill level 5 in Poison Magic
  2675 | D:3      | Reached XP level 6. HP: 36/36 MP: 4/10
  2744 | D:3      | Reached skill level 3 in Conjurations
  3287 | D:4      | HP: 13/36 [iguana (9)]
  3290 | D:4      | Slain by an iguana

Vanquished Creatures
  A scorpion (D:4)
  2 hounds (D:4)
  Natasha (thrice) (D:2)
  A hound skeleton (D:3)
  6 adders
  An ooze (D:3)
  4 worms
  2 dart slugs
  2 leopard geckos
  3 ball pythons
  11 giant cockroaches
  17 goblins
  3 hobgoblins
  9 jackals
  3 quokkas
  5 bats
  2 frilled lizards
  6 kobolds
  A leopard gecko skeleton (D:3)
  9 rats
91 creatures vanquished.

Table legend:
 A = Turns spent in this place as a percentage of turns spent in the entire game.
 B = Non-inter-level travel turns spent in this place as a percentage of non-inter-level travel turns spent in the entire game.
 C = Inter-level travel turns spent in this place as a percentage of turns spent in this place.
 D = Turns resting spent in this place as a percentage of non-inter-level travel turns spent in this place.
 E = Turns spent auto-exploring this place as a percentage of non-inter-level travel turns spent in this place.
 F = Non-inter-level travel turns spent in this place divided by the number of levels of this place that you've seen.
                   A       B       C       D       E      F
               +-------+-------+-------+-------+-------+----------------------
         Total | 100.0 | 100.0 |   1.3 |  34.9 |  47.6 | 811.5
       Dungeon | 100.0 | 100.0 |   1.3 |  34.9 |  47.6 | 811.5
               +-------+-------+-------+-------+-------+----------------------
